 Dungeon Crawl Stone Soup version 0.29.1-1-gd02db6906a (webtiles) character file.

Game seed: 12511808540690824449

245 pacmanke6689 the Shield-Bearer (level 6, 0/70 (72) HPs)
             Began as a Formicid Fighter on Sept 27, 2022.
             Slain by Crazy Yiuf
             ... wielding a +3 quarterstaff of chaos
              (5 damage)
             ... on level 3 of the Dungeon.
             The game lasted 00:07:13 (3034 turns).

pacmanke6689 the Shield-Bearer (Formicid Fighter)   Turns: 3034, Time: 00:07:16

HP:   0/70 (72)     AC: 23    Str: 22    XL:     6   Next: 32%
MP:   6/6           EV:  2    Int:  8    God:
Gold: 105           SH:  7    Dex: 13    Spells: 5/5 levels left

rFire   . . .      SeeInvis .   a - +1 trident
rCold   . . .      Faith    .   n - +2 buckler
rNeg    . . .      Spirit   .   (body armour currently unavailable)
rPois   +          Reflect  .   (helmet unavailable)
rElec   .          Harm     .   (cloak currently unavailable)
rCorr   .          Rampage  .   (gloves currently unavailable)
Will    .....                   (boots currently unavailable)
Stlth   +.........              (no amulet)
HPRegen 0.21/turn               (no ring)
MPRegen 0.10/turn               (no ring)

@: agile, lethally poisoned (0 -> -15), tree-form, lightly drained, invisible
A: stationary, stasis, torment immunity, boosted hp, permanent stasis, dig
shafts and tunnels, (antennae 3), four strong arms
a: no special abilities


You were on level 3 of the Dungeon.
You were a tree.
You visited 1 branch of the dungeon, and saw 3 of its levels.

You collected 105 gold pieces.

Inventory:

Hand Weapons
 a - a +1 trident (weapon)
Armour
 i - a +2 ring mail of fire resistance (melded)
 n - a +2 buckler (worn)
Scrolls
 c - a scroll of silence {unknown}
 e - a scroll of poison
 f - a scroll of identify
 g - 2 scrolls of enchant weapon
 m - a scroll of fog
Potions
 d - a potion of heal wounds {unknown}
 h - a potion of lignification
 j - 3 potions of invisibility {unknown}
 l - a potion of ambrosia {unknown}


   Skills:
 + Level 4.1 Fighting
 + Level 3.9 Polearms
 + Level 4.2 Armour
 + Level 1.8 Dodging
 + Level 0.3 Stealth
 + Level 5.0 Shields


You had 5 spell levels left.
You didn't know any spells.
Your spell library contained the following spells:

 Spells                   Type           Power      Damage    Failure   Level
 Apportation              Tloc           0%         N/A       45%         1
 Foxfire                  Conj/Fire      0%         2x1d4     45%         1
 Magic Dart               Conj           0%         1d3       45%         1
 Slow                     Hex            0%         N/A       45%         1
 Call Imp                 Summ           0%         N/A       61%         2
 Call Canine Familiar     Summ           0%         N/A       83%         3
 Confusing Touch          Hex            0%         N/A       83%         3
 Conjure Flame            Conj/Fire      0%         6-21      83%         3
 Frozen Ramparts          Ice            0%         1d1       83%         3
 Inner Flame              Hex/Fire       0%         N/A       83%         3
 Lesser Beckoning         Tloc           0%         N/A       83%         3
 Mephitic Cloud           Conj/Pois/Air  0%         N/A       83%         3
 Ozocubu's Armour         Ice            0%         N/A       83%         3
 Portal Projectile        Hex/Tloc       0%         N/A       83%         3
 Vampiric Draining        Necr           0%         2d6       83%         3
 Flame Wave               Conj/Fire      0%         2d4       99%         4
 Ice Form                 Ice/Tmut       0%         N/A       99%         4
 Leda's Liquefaction      Hex/Erth       0%         N/A       99%         4
 Summon Ice Beast         Ice/Summ       0%         N/A       99%         4
 Alistair's Intoxication  Tmut/Pois      0%         N/A       100%        5
 Manifold Assault         Tloc           0%         N/A       100%        5
 Ozocubu's Refrigeration  Ice            0%         4d7       100%        7
 Blink                    Tloc           Unusable   N/A       N/A         2

Dungeon Overview and Level Annotations

Branches:
Dungeon (3/15)

Altars:
Zin

Shops:
D:3 =

Annotations:
D:3 Crazy Yiuf


Innate Abilities, Weirdness & Mutations

You are a tree.
Your roots penetrate the ground, keeping you stationary.
You cannot be teleported.
You are immune to unholy pain and torment.
Your maximum health is greatly increased.
Your equipment is partially melded.
You cannot be hasted, slowed, berserked, paralysed or teleported.
You can dig through walls and to a lower floor.
((You have a pair of large antennae on your head. (SInv)))
Your four strong arms can wield two-handed weapons with a shield.


Message History

Crazy Yiuf hits you with a +3 quarterstaff of chaos.
You easily resist.
You hit Crazy Yiuf.
Crazy Yiuf is severely wounded.
Crazy Yiuf hits you with a +3 quarterstaff of chaos!
Crazy Yiuf freezes you.
Crazy Yiuf hits you with a +3 quarterstaff of chaos!
* * * LOW HITPOINT WARNING * * *
It was a potion of curing.
You feel better.
Crazy Yiuf hits you with a +3 quarterstaff of chaos!
You feel better.
Crazy Yiuf hits you with a +3 quarterstaff of chaos!
You feel agile all of a sudden.
You feel better.
Crazy Yiuf hits you with a +3 quarterstaff of chaos.
You are poisoned.
You hit Crazy Yiuf.
Crazy Yiuf is severely wounded.
You feel sick.
Crazy Yiuf grits, "Lay cloud cower!"
Crazy Yiuf hits you with a +3 quarterstaff of chaos!
You fade into invisibility!
You hit Crazy Yiuf.
Crazy Yiuf is almost dead.
You feel sick.
Crazy Yiuf screams, "Rifle ena sanguine!"
Crazy Yiuf barely misses you.
You hit Crazy Yiuf.
Crazy Yiuf is almost dead.
You feel sick.
Crazy Yiuf hits you with a +3 quarterstaff of chaos!
* * * LOW HITPOINT WARNING * * *
You are lethally poisoned!
It was a potion of lignification.
You turn into a tree.
Your +2 ring mail of fire resistance melds into your body.
You feel less resistant to fire.
Your roots penetrate the ground.
* * * LOW HITPOINT WARNING * * *
You feel very sick.
Crazy Yiuf hits you with a +3 quarterstaff of chaos.
You die...

####♣♣ ###
##..#P♣♣ ♣♣#..)#
#......♣♣♣♣♣g...#
#....PP.♣..♣#...#
#######
#.#.#P.♣.♣♣♣ ###
#.....#
#.###♣♣♣♣♣
#####.# #.##
##.## #..## ###
##...## ##..#
##.###.....##
##.#
#...........# #.#
#.)###.......


You could see Crazy Yiuf (unable to see you).

Vanquished Creatures
  Sigmund (D:2)
  2 adders
  A worm (D:2)
  5 dart slugs
  7 ball pythons
  3 endoplasms
  4 giant cockroaches
  5 goblins
  5 hobgoblins
  5 kobolds
  4 quokkas
  11 bats
  9 frilled lizards
  3 rats
65 creatures vanquished.

Vanquished Creatures (others)
  2 fungi (D:3)
2 creatures vanquished.

Grand Total: 67 creatures vanquished

Notes
Turn   | Place    | Note
-------+----------+-------------------------------------------
     0 | D:1      | pacmanke6689 the Formicid Fighter began the quest for the
                  | Orb.
     0 | D:1      | Reached XP level 1. HP: 18/18 MP: 1/1
   375 | D:1      | Reached XP level 2. HP: 24/24 MP: 2/2
   667 | D:1      | Reached XP level 3. HP: 26/29 MP: 3/3
  1330 | D:2      | Noticed Sigmund
  1344 | D:2      | Killed Sigmund
  1345 | D:2      | Reached skill level 1 in Dodging
  1345 | D:2      | Reached XP level 4. HP: 30/37 MP: 4/4
  1345 | D:2      | Reached XP level 5. HP: 34/42 MP: 5/5
  1345 | D:2      | Reached XP level 6. HP: 39/48 MP: 6/6
  1444 | D:2      | Found a glowing silver altar of Zin.
  2510 | D:3      | Reached skill level 5 in Shields
  2550 | D:3      | Found Axkazon's Jewellery Shop.
  2629 | D:3      | Found the +7 Kryia's mail coat {PotionHeal*2 rC+}
  3016 | D:3      | Found a runed translucent door.
  3017 | D:3      | Noticed Crazy Yiuf
  3034 | D:3      | Slain by Crazy Yiuf

Illustrated notes

Levels and vault maps discovered:
D:1:      sevenhm_arrival_forest_fort_large_4, layout_loops_ring,
          minmay_misc_feat_roman, minmay_pentomino_u4
D:2:      layout_basic, basic_altar, uniq_sigmund
D:3:      minmay_evil_eye, layout_loops_ring, serial_shops, shop,
          uniq_crazy_yiuf_cottage

Skill      XL: |  1  2  3  4  5  6 |
---------------+-------------------+-----
Fighting       | 4 |  4.1
Polearms       | 3 |  3.9
Armour         | 4 |  4.2
Dodging        | 1 |  1.8
Shields        | 5 |  5.0
Stealth        | |  0.3

Action                   |  1- 3 |  4- 6 || total
-------------------------+-------+-------++-------
Melee: Trident           |    91 |   114 ||   205
 Abil: Dig               |       |     2 ||     2
  Use: Potion            |     1 |     4 ||     5
       Scroll            |       |     4 ||     4
Armor: Scale mail        |    23 |       ||    23
       Ring mail         |    27 |    40 ||    67
Dodge: Dodged            |    43 |    40 ||    83
Block: Buckler           |    26 |    27 ||    53
